 Dungeon Crawl Stone Soup version 0.29.0-5-ge4962eb29e (webtiles) character file.

Game seed: 13145599399956655345

73 Goaboa the Stinger (level 4, 0/32 HPs)
             Began as a Demonspawn Venom Mage on Aug 27, 2022.
             Was a Follower of Ru.
             Slain by a gnoll
             ... wielding a +0 whip
              (6 damage)
             ... on level 2 of the Dungeon on Aug 29, 2022.
             The game lasted 00:38:26 (2563 turns).

Goaboa the Stinger (Demonspawn Venom Mage)          Turns: 2563, Time: 00:38:26

Health: 0/32       AC:  2    Str:  8    XL:     4   Next: 8%
Magic:  2/7        EV: 12    Int: 18    God:    Ru [*.....]
Gold:   124        SH:  0    Dex: 14    Spells: 2/8 levels left

rFire   . . .      SeeInvis .   n - +1 short sword (flame)
rCold   . . .      Faith    .   (no shield)
rNeg    . . .      Spirit   .   a - +0 robe
rPois   .          Reflect  .   (helmet restricted)
rElec   .          Harm     .   (no cloak)
rCorr   .          Rampage  .   (no gloves)
Will    .....                   (no boots)
Stlth   ++........              (no amulet)
HPRegen 0.10/turn               (no ring)
MPRegen 0.10/turn               (no ring)

@: no status effects
A: horns 1, foul stench 1, missing an eye
a: Renounce Religion


You were on level 2 of the Dungeon.
You worshipped Ru.
Ru was aware of your devotion.
You visited 1 branch of the dungeon, and saw 2 of its levels.

You collected 124 gold pieces.

Inventory:

Hand Weapons
 d - a +0 short sword
 n - a +1 short sword of flaming (weapon)
Armour
 a - a +0 robe (worn)
Scrolls
 c - a scroll of fear {unknown}
 e - 2 scrolls of identify
 f - a scroll of teleportation {unknown}
 g - a scroll of immolation {unknown}
 i - a scroll of fog {unknown}
 j - a scroll of summoning {unknown}
 k - a scroll of torment {unknown}
 q - a scroll of magic mapping {unknown}
Potions
 h - a potion of lignification {unknown}
 l - a potion of invisibility {unknown}
 m - a potion of might {unknown}
 o - a potion of mutation {unknown}
 p - a potion of heal wounds {unknown}
 r - a potion of flight


   Skills:
 + Level 1.3 Fighting
 + Level 2.4 Dodging
 - Level 1.7 Stealth
 + Level 2.5 Spellcasting
 + Level 0.3 Conjurations
 - Level 0.8 Transmutations
 + Level 1.0 Air Magic
 + Level 3.4 Poison Magic


You had 2 spell levels left.
You knew the following spells:

 Your Spells              Type           Power      Damage    Failure   Level
a - Sting                 Tmut/Pois      40%        1d5       7%          1
b - Poisonous Vapours     Pois/Air       20%        N/A       11%         2
c - Mephitic Cloud        Conj/Pois/Air  8%         N/A       26%         3

Your spell library contained the following spells:

 Spells                   Type           Power      Damage    Failure   Level
 Olgreb's Toxic Radiance  Pois           14%        N/A       38%         4
 Leda's Liquefaction      Hex/Erth       1%         N/A       86%         4
 Lee's Rapid Deconstruct  Erth           1%         3d5*      99%         5
 Statue Form              Tmut/Erth      2%         N/A       100%        6


Dungeon Overview and Level Annotations

Branches:
Dungeon (2/15)

Altars:
Ru

Shops:
D:2 *


Innate Abilities, Weirdness & Mutations

You have a pair of small horns on your head.
You may rarely emit foul miasma when damaged in melee.
You are missing an eye, making it more difficult to aim.


Message History

You have reached level 4!
You feel agile.
Your demonic ancestry asserts itself...
A pair of horns grows on your head!
Unknown command.
Casting: Poisonous Vapours (safe; 11% risk of failure)
Confirm with . or Enter, or press ? or * to list all spells.
Okay, then.
Casting: Poisonous Vapours (safe; 11% risk of failure)
Confirm with . or Enter, or press ? or * to list all spells.
Aiming: Poisonous Vapours (safe; 11% risk of failure)
Press: ? - help, Dir - move target, f - gnoll
Aim: a gnoll, wielding a +0 club Poisonous vapours surround the gnoll!
The gnoll is poisoned.
The gnoll looks more healthy.
The gnoll attacks as you move away! The gnoll hits you with a +0 club.
The gnoll attacks as you move away! The gnoll barely misses you.
As you read the scroll labelled NUAPOU WENUKI, it crumbles to dust.
It is a scroll of identify.
r - a potion of flight The gnoll closely misses you.
The gnoll attacks as you move away! The gnoll closely misses you.
The gnoll attacks as you move away! The gnoll hits you with a +0 whip.
The gnoll attacks as you move away! The gnoll hits you with a +0 whip.
The gnoll barely misses you.
You open the door. The gnoll barely misses you.
Found a dagger.
There is an open door here.
Casting: Poisonous Vapours (safe; 11% risk of failure)
Confirm with . or Enter, or press ? or * to list all spells.
Aiming: Poisonous Vapours (safe; 11% risk of failure)
Press: ? - help, Dir - move target, f/p - gnoll
Aim: a gnoll, wielding a +0 club (lightly wounded) Poisonous vapours surround the gnoll!
The gnoll is poisoned.
The gnoll attacks as you move away! The gnoll closely misses you.
The gnoll attacks as you move away! The gnoll hits you with a +0 club.
* * * LOW HITPOINT WARNING * * *
You emit a cloud of foul miasma!
The gnoll is engulfed in dark miasma.
The gnoll looks even sicker.
The gnoll seems to slow down.
The gnoll hits you with a +0 whip.
You die...

#.###..## ##.#.# #.#.##. #
##.###.## #.#>###.g....
#.##......# #.#.......##.
#....###..# #+##########.
####g# #.## ##...## ##
#g###.# ##.....## ##
#...).# ##.......## ##.#
###.<.####......)..####...
#.......@.g.......+......
##...####g..<.....####...
#..## ##.......# ##.# #.##
##..ยง..## ### #.# ##...##
# #.# ##'## # #.# #.#
##### #. ###.#######....
#<........#.###


You could see 2 gnolls.

Vanquished Creatures
  2 gnolls (D:2)
  An adder (D:2)
  3 worms (D:2)
  2 ball pythons
  An endoplasm (D:1)
  2 giant cockroaches (D:2)
  3 hobgoblins
  4 jackals (D:2)
  A quokka (D:1)
  5 bats
  2 goblins
  5 kobolds
  4 rats (D:2)
35 creatures vanquished.

Notes
Turn   | Place    | Note
-------+----------+-------------------------------------------
     0 | D:1      | Goaboa the Demonspawn Venom Mage began the quest for the
                  | Orb.
     0 | D:1      | Reached XP level 1. HP: 13/13 MP: 3/3
   552 | D:1      | Gained mutation: You may rarely emit foul miasma when
                  | damaged in melee. [demonic ancestry]
   552 | D:1      | Reached XP level 2. HP: 20/20 MP: 3/5
   555 | D:1      | Learned a level 2 spell: Poisonous Vapours
   831 | D:1      | Found a faded altar of an unknown god.
   836 | D:1      | Prayed at the altar of an unknown god.
   836 | D:1      | Became a worshipper of Ru the Awakened
   838 | D:1      | Gained mutation: You are missing an eye, making it more
                  | difficult to aim. [Ru sacrifice]
   838 | D:1      | Reached * piety under Ru
  1342 | D:2      | Found Kocoageg's General Store.
  1612 | D:2      | Reached skill level 1 in Fighting
  1612 | D:2      | Reached XP level 3. HP: 26/26 MP: 1/6
  1880 | D:2      | Learned a level 3 spell: Mephitic Cloud
  2490 | D:2      | Reached skill level 1 in Air Magic
  2514 | D:2      | Gained mutation: You have a pair of small horns on your
                  | head. [demonic ancestry]
  2514 | D:2      | Reached XP level 4. HP: 16/32 MP: 1/7
  2563 | D:2      | Slain by a gnoll

Illustrated notes

Levels and vault maps discovered:
D:1:      noname_arrival_rooms_in_the_neighbourhood, layout_basic,
          ebering_ecumenical_altar_hall, hangedman_decor_lopped
D:2:      minmay_door_path, layout_loops_corners, serial_shops,
          nicolae_shop_behind_doors

Skill      XL: |  1  2  3 |
---------------+----------+-----
Dodging        | 2 |  2.4
Fighting       | 1 |  1.3
Air Magic      | 1 |  1.0
Stealth        | |  1.7
Spellcasting   | |  2.5
Conjurations   | |  0.3
Transmutations | |  0.8
Poison Magic   | |  3.4

Action                   |  1- 3 |  4- 6 || total
-------------------------+-------+-------++-------
Melee: Short sword       |    37 |       ||    37
       Punch             |     1 |       ||     1
 Cast: Sting             |    34 |       ||    34
       Poisonous Vapours |    29 |     2 ||    31
Invok: Sacrifice an Eye  |     1 |       ||     1
  Use: Potion            |     1 |       ||     1
       Scroll            |       |     1 ||     1
Armor: Robe              |    10 |       ||    10
Dodge: Dodged            |    50 |     6 ||    56
